 Dungeon Crawl Stone Soup version 0.19.0-2-gae57169 (webtiles) character file.

117 Millan the Skirmisher (level 4, -1/41 HPs)
             Began as a Draconian Chaos Knight on Nov 4, 2016.
             Was an Initiate of Qazlal.
             Slain by an orc priest
             ... wielding a +0 flail
              (4 damage)
             ... on level 2 of the Dungeon.
             The game lasted 00:23:56 (3154 turns).

Millan the Skirmisher (Draconian Chaos Knight)      Turns: 3154, Time: 00:23:57

Health: -1/41      AC:  5    Str:  8    XL:     4   Next: 71%
Magic:  1/1        EV: 13    Int: 13    God:    Qazlal [......]
Gold:   124        SH:  0    Dex: 11    Spells: 0 memorised, 3 levels left

rFire  . . .     SeeInvis .     f - +2 trident (antimagic)
rCold  . . .     Gourm    .     (armour unavailable)
rNeg   . . .     Faith    .     (no shield)
rPois  .         Spirit   .     (helmet restricted)
rElec  .         Reflect  .     (no cloak)
rCorr  .         Harm     .     (no gloves)
MR     .....                    (no boots)
Stlth  +.........               (no amulet)
                                (no ring)
                                i - -4 ring of strength (curse)

@: no status effects
A: unfitting armour, antennae 1, weak 1, cold-blooded, AC +5
a: Renounce Religion


You were on level 2 of the Dungeon.
You worshipped Qazlal.
Qazlal was noncommittal.
You were full.

You visited 1 branch of the dungeon, and saw 3 of its levels.

You collected 124 gold pieces.

Inventory:

Hand Weapons
 a - a +0 spear of chaos
 f - a +2 antimagic trident (weapon)
 m - a +3 dagger of draining
Missiles
 d - 5 tomahawks (quivered)
 g - 27 poisoned needles
Armour
 k - a +0 animal skin
 l - a +0 helmet
Jewellery
 i - a cursed -4 ring of strength (left hand)
Scrolls
 j - a scroll of teleportation
Potions
 c - a potion of mutation {unknown}
 e - a potion of resistance {unknown}
Comestibles
 b - 2 bread rations
 h - a royal jelly


   Skills:
 + Level 4.4 Fighting
 + Level 4.0 Polearms
 + Level 0.1 Throwing
 + Level 2.9 Dodging
 + Level 0.6 Stealth


You had 3 spell levels left.
You didn't know any spells.

Dungeon Overview and Level Annotations

Branches:
Dungeon (3/15)

Altars:
Gozag
Qazlal


Innate Abilities, Weirdness & Mutations

Your plain brown scales are hard. (AC +5)
You cannot fit into any form of body armour.
You are cold-blooded and may be slowed by cold attacks.
You have a pair of small antennae on your head.
You are weak. (Str -2)


Message History

The orc priest completely misses you. The leopard gecko bites you.
The orc hits you. The leopard gecko misses you.
The orc priest hits you with a flail!
* * * LOW HITPOINT WARNING * * *
The orc hits you with a falchion!
* * * LOW HITPOINT WARNING * * *
You climb upwards.
There is a stone staircase leading down here.
It's stuck to you! It's stuck to you!
Okay, then.
You barely miss the orc priest.
The orc priest is heavily wounded.
The leopard gecko closely misses you. The orc priest barely misses you.
The orc hits you but does no damage. The leopard gecko barely misses you.
You hit the orc priest but do no damage.
Your tail-slap misses the orc priest.
The orc priest is heavily wounded.
The orc priest hits you with a flail.
You die...

#.# ##.# ########### #..#
#........<# #.## #######
#.......(.# #.#§ #.....#
#......(..########.#§ #.....#
#..................#§
#.....#####..........#######.#§
#............o@o....## #.#§
#.......###...l.....# #.#§
#.....#.###.........# #.#§
#.........#.........# #.#§
####................########.#§
#....................)....#§
######..........###.##########.#§
......................### #.##
##########)####..##.....######.#


You could see an orc priest, an orc and a leopard gecko.

Vanquished Creatures
  Robin (D:2)
  A gnoll (D:1)
  2 adders (D:2)
  5 worms (D:2)
  2 dart slugs
  A ball python (D:2)
  2 giant cockroaches
  13 goblins
  7 hobgoblins
  7 jackals (D:1)
  A quokka (D:2)
  4 bats (D:1)
  4 frilled lizards
  4 kobolds
  6 rats
60 creatures vanquished.

Notes
Turn   | Place    | Note
-------+----------+-------------------------------------------
     0 | D:1      | Millan the Draconian Chaos Knight began the quest for the Orb.
     0 | D:1      | Reached XP level 1. HP: 19/19 MP: 1/1
    41 | D:1      | XOM: divination: detect items
    44 | D:1      | Reached XP level 2. HP: 22/26 MP: 2/2
   467 | D:1      | XOM: smoke on damage
   476 | D:1      | XOM: potion effect (invisibility)
   545 | D:1      | XOM: divination: detect items
   593 | D:1      | Reached XP level 3. HP: 30/33 MP: 3/3
  1043 | D:2      | Noticed Robin
  1062 | D:1      | XOM: silly message
  1066 | D:1      | XOM: harmless Chrm miscast
  1270 | D:1      | XOM: give mutations
  1270 | D:1      | Gained mutation: You are weak. (Str -2) [Xom's mischief]
  1270 | D:1      | Gained mutation: You have a pair of small antennae on your head. [Xom's mischief]
  1320 | D:2      | Found a stormy altar of Qazlal.
  1328 | D:2      | Fell from the grace of Xom
  1328 | D:2      | Became a worshipper of Qazlal Stormbringer
  1552 | D:2      | XOM: mild Necr miscast
  1632 | D:2      | Found an opulent altar of Gozag.
  1878 | D:2      | Reached XP level 4. HP: 39/40 MP: 4/4
  2412 | D:2      | Killed Robin
  2507 | D:2      | Reached * piety under Qazlal
  2908 | D:2      | XOM: mild Hex miscast
  3154 | D:2      | Slain by an orc priest

Skill      XL: |  1  2  3  4 |
---------------+-------------+-----
Fighting       | 4 |  4.4
Polearms       | 4 |  4.0
Throwing       | |  0.1
Dodging        | |  2.9
Stealth        | |  0.6

Action                   |  1- 3 |  4- 6 || total
-------------------------+-------+-------++-------
Melee: Spear             |   124 |    55 ||   179
       Tailslap          |    12 |     4 ||    16
       Trident           |       |    20 ||    20
Throw: Tomahawk          |     5 |     7 ||    12
  Use: Scroll            |     3 |     1 ||     4
 Stab: Sleeping          |     2 |       ||     2
       Paralysed         |       |     1 ||     1
  Eat: Meat ration       |     1 |     1 ||     2
       Pizza             |     1 |       ||     1
       Chunk             |     1 |       ||     1
Armor: Skin              |    47 |    12 ||    59
Dodge: Dodged            |    68 |    45 ||   113
